 Dungeon Crawl Stone Soup version 0.30-a0-365-ge7f957f1db (webtiles) character file.

Game seed: 13600668570502708045

79 vineage the Trooper (level 4, -5/30 HPs)
             Began as a Gargoyle Fighter on Nov 16, 2022.
             Slain by Ijyb
             ... wielding a +0 club
              (6 damage)
             ... on level 3 of the Dungeon.
             The game lasted 00:02:04 (2011 turns).

vineage the Trooper (Gargoyle Fighter)              Turns: 2011, Time: 00:02:04

Health: -5/30      AC:  0    Str: 21      XL:     4   Next: 37%
Magic:  4/4        EV: 13    Int:  8 (9)  God:
Gold:   204        SH:  0    Dex:  9      Spells: 3/3 levels left

rFire   . . .      SeeInvis .    (weapon currently unavailable)
rCold   . . .      Faith    .    (shield currently unavailable)
rNeg    + . .      Spirit   .    (body armour currently unavailable)
rPois   ∞          Reflect  .    (helmet currently unavailable)
rElec   .          Harm     .    (cloak currently unavailable)
rCorr   .          Rampage  .    (gloves currently unavailable)
Will    .....                    (boots currently unavailable)
Stlth   +.........               (no amulet)
HPRegen 0.25/turn                (ring currently unavailable)
MPRegen 0.09/turn                (ring currently unavailable)

@: pig-form, very quick
A: fast, no casting, sickness immunity, AC +3, small, negative energy resistance
1, (electricity resistance), torment resistance 1, petrification resistance,
(iridescent scales 1), deterioration 1
a: no special abilities


You were on level 3 of the Dungeon.
You were a filthy swine.
You visited 1 branch of the dungeon, and saw 3 of its levels.

You collected 204 gold pieces.

Inventory:

Hand Weapons
 a - a +0 flail (melded)
Armour
 b - a +0 scale mail (melded)
 c - a +0 buckler (melded)
 h - a +0 cloak (melded)
Jewellery
 e - a ring of see invisible (melded)
Scrolls
 g - a scroll of fear
 j - 2 scrolls of torment
Potions
 d - 3 potions of might
 f - a potion of cancellation
 i - 2 potions of lignification {unknown}
 k - a potion of berserk rage {unknown}
 l - a potion of degeneration {unknown}


   Skills:
 * Level 4.5 Fighting
 * Level 3.4 Maces & Flails
 - Level 3.2 Armour
 - Level 3.2 Shields


You had 3 spell levels left.
You didn't know any spells.
Your spell library contained the following spells:

 Spells                   Type           Power      Damage    Failure   Level
 Blink                    Tloc           0%         N/A       54%         2
 Momentum Strike          Conj/Tloc      0%         3d8       54%         2
 Inner Flame              Hex/Fire       0%         N/A       78%         3
 Lesser Beckoning         Tloc           0%         N/A       78%         3
 Flame Wave               Conj/Fire      0%         2d4       99%         4
 Sticky Flame             Conj/Fire      0%         2d3       99%         4


Dungeon Overview and Level Annotations

Branches:
Dungeon (3/15)

Altars:
Wu Jian

Annotations:
D:3 Ijyb


Innate Abilities, Weirdness & Mutations

You are a filthy swine.
You move quickly.
Your equipment is almost entirely melded.
You are incapable of wielding weapons or throwing items.
You cannot cast spells.
You are immune to sickness and miasma.
((Your stone body is resilient. (AC +3)))
You are immune to poison.
You resist negative energy. (rN+)
((You are resistant to electric shocks. (rElec)))
You are resistant to unholy torment.
You are immune to petrification.
((You are partially covered in iridescent scales. (AC +2)))
Your body sometimes deteriorates upon taking damage.


Message History

Ijyb is lightly wounded.
Ijyb drinks a potion.
Ijyb seems to grow stronger.
You hit Ijyb.
Ijyb is lightly wounded.
Ijyb barely misses you.
You closely miss Ijyb.
Ijyb is lightly wounded.
Ijyb hits you with a +0 club.
Your body deteriorates!
You feel dopey.
You sock Ijyb!
Ijyb is heavily wounded.
Ijyb zaps a wand.
You turn into a filthy swine.
Your +0 flail melds into your body.
Your +0 cloak melds into your body.
Your +0 buckler melds into your body.
Your +0 scale mail melds into your body.
Your ring of see invisible melds into your body.
Ijyb closely misses you.
You hit Ijyb.
Ijyb is heavily wounded.
Ijyb hits you with a +0 club.
You hit Ijyb but do no damage.
Ijyb is heavily wounded.
You hit Ijyb but do no damage.
Ijyb is heavily wounded.
Ijyb hits you with a +0 club!
You are too injured to fight recklessly!
You are too injured to fight recklessly!
You are too injured to fight recklessly!
You are too injured to fight recklessly!
You are too injured to fight recklessly!
You are too injured to fight recklessly!
You are too injured to fight recklessly!
You hit Ijyb but do no damage.
Ijyb is heavily wounded.
Ijyb hits you with a +0 club!
* * * LOW HITPOINT WARNING * * *
You closely miss Ijyb.
Ijyb is heavily wounded.
Ijyb hits you with a +0 club.
You die...

########.#
#.# #.#
#.# #.#
#.#
#####.#
#.hg..#
#.###.#
##.##..#
#......#
#..##..#
#......#
#.###..#
#.# #..###
###†#
#.#.##


You could see Ijyb (strong).

Vanquished Creatures
  2 adders
  A worm (D:3)
  A dart slug (D:2)
  2 orcs (D:3)
  8 endoplasms
  A giant cockroach (D:1)
  A goblin (D:2)
  6 hobgoblins
  2 jackals (D:1)
  A quokka (D:1)
  8 ball pythons
  7 bats
  3 frilled lizards
  5 kobolds
  4 rats
52 creatures vanquished.

Notes
Turn   | Place    | Note
-------+----------+-------------------------------------------
     0 | D:1      | vineage the Gargoyle Fighter began the quest for the Orb.
     0 | D:1      | Reached XP level 1. HP: 14/14 MP: 1/1
   129 | D:1      | Reached XP level 2. HP: 16/19 MP: 2/2
   328 | D:1      | Found a faded altar of an unknown god.
   535 | D:1      | Reached XP level 3. HP: 22/24 MP: 3/3
   803 | D:2      | Reached skill level 4 in Fighting
  1659 | D:3      | Reached XP level 4. HP: 14/30 MP: 4/4
  1792 | D:3      | Gained mutation: You are somewhat resistant to further
                  | mutation. [potion of mutation]
  1792 | D:3      | Lost mutation: You are somewhat resistant to further
                  | mutation. [potion of mutation]
  1792 | D:3      | Gained mutation: You possess an exceptional clarity of
                  | mind. [potion of mutation]
  1793 | D:3      | Lost mutation: You possess an exceptional clarity of mind.
                  | [potion of mutation]
  1793 | D:3      | Gained mutation: You are strong-willed. (Will+) [potion of
                  | mutation]
  1793 | D:3      | Lost mutation: You are strong-willed. (Will+) [potion of
                  | mutation]
  1793 | D:3      | Gained mutation: Your body sometimes deteriorates upon
                  | taking damage. [potion of mutation]
  1793 | D:3      | Gained mutation: You are partially covered in iridescent
                  | scales. (AC +2) [potion of mutation]
  1865 | D:3      | Found an ornate altar of the Wu Jian Council.
  2000 | D:3      | Noticed Ijyb
  2010 | D:3      | HP: 1/30 [Ijyb/+0 club (10)]
  2011 | D:3      | Slain by Ijyb

Illustrated notes

Levels and vault maps discovered:
D:1:      amcnicky_arrival_gap_in_the_tavern_cellar, layout_loops_ring,
          basic_ecumenical_altar
D:2:      layout_loops_ring, minmay_cut_off
D:3:      layout_loops_corners, mainiacjoe_overflow_surrounded_room,
          nicolae_wu_jian_wuxing_cycle, guppyfry_early_lair_pool, uniq_ijyb

Skill      XL: |  1  2  3 |
---------------+----------+-----
Fighting       | 4 |  4.5
Maces & Flails | 3 |  3.4
Armour         | |  3.2
Shields        | |  3.2

Action                   |  1- 3 |  4- 6 || total
-------------------------+-------+-------++-------
Melee: Flail             |   151 |    36 ||   187
       Unarmed           |       |     5 ||     5
  Use: Scroll            |     5 |       ||     5
       Potion            |       |     2 ||     2
Armor: Scale mail        |    79 |    13 ||    92
Dodge: Dodged            |    79 |    16 ||    95
Block: Buckler           |    33 |     6 ||    39

Table legend: (Time is in decaauts)
 A = Elapsed time spent in this place.
 B = Non-inter-level travel time spent in this place.
 C = Inter-level travel time spent in this place.
 D = Time resting spent in this place.
 E = Time spent auto-exploring this place.
 F = Levels seen in this place.
 G = Mean time per level.
                   A        B        C        D        E       F      G
               +--------+--------+--------+--------+--------+-----+--------+
         Total |   2065 |   2019 |     46 |      0 |   1591 |   3 |  688.3 |
       Dungeon |   2065 |   2019 |     46 |      0 |   1591 |   3 |  688.3 |
               +--------+--------+--------+--------+--------+-----+--------+

Top non-repeatable levels by time:
     D:1: 809 daAuts
     D:2: 725 daAuts
     D:3: 529 daAuts
